 Dungeon Crawl Stone Soup version 0.31.0-4-g52a2dc7128 (webtiles) character file.

Game seed: 5762727857869893975

49 H0rd4k the Charlatan (level 3, 0/2 HPs)
             Began as a Human Artificer on Jan 22, 2024.
             Slain by a goblin
             ... wielding a +0 club
              (2 damage)
             ... on level 2 of the Dungeon.
             The game lasted 00:02:19 (1046 turns).

H0rd4k the Charlatan (Human Artificer)              Turns: 1046, Time: 00:02:20

Health: 0/2        AC:  0    Str: 12    XL:     3   Next: 75%
Magic:  3/3        EV: 11    Int: 13    God:
Gold:   37         SH:  0    Dex: 13    Spells: 2/2 levels left

rFire   . . .        a - +0 club
rCold   . . .        (no shield)
rNeg    . . .        b - melded +0 leather armour
rPois   .            (no helmet)
rElec   .            (no cloak)
rCorr   .            (no gloves)
SInv    .            (no boots)
Will    .....        h - amulet of regeneration
Stlth   ++           (no ring)
HPRegen 1.00/turn    (no ring)
MPRegen 0.08/turn

%: no passive effects
@: maw-form
A: devouring maw, reduced hp, explore regen
a: Begin Untransformation


You were on level 2 of the Dungeon.
You were a creature with a mouth for a stomach.
You visited 1 branch of the dungeon, and saw 2 of its levels.

You collected 37 gold pieces.

Inventory:

Hand Weapons
 a - a +0 club (weapon)
Missiles
 i - 6 poisoned darts
Armour
 b - a +0 leather armour (melded)
Jewellery
 h - an amulet of regeneration (around neck)
 m - an amulet of magic regeneration
Talismans
 j - a maw talisman (active)
Wands
 c - a wand of flame (10) (quivered)
 d - a wand of charming (15)
 e - a wand of iceblast (5)
Scrolls
 f - a scroll of fear {unknown}
 l - a scroll of enchant armour {unknown}
Potions
 g - a potion of ambrosia {unknown}
 k - a potion of resistance {unknown}


   Skills:
 + Level 2.6 Fighting
 + Level 2.0 Maces & Flails
 - Level 2.0 Armour
 - Level 1.0 Dodging
 - Level 1.0 Stealth
 - Level 3.0 Evocations


You had 2 spell levels left.
You didn't know any spells.
Your spell library was empty.

Dungeon Overview and Level Annotations

Branches:
Dungeon (2/15)

Altars:


Innate Abilities, Weirdness & Mutations

You are a creature with a mouth for a stomach.
Your midsection houses a second, enormous mouth.
Your maximum health is decreased, since you lack skill for your form.
You regain HP and MP as you explore.


Message History

You hit the hobgoblin but do no damage. The hobgoblin hits you.
The hobgoblin barely misses you.
You hit the hobgoblin.
You kill the hobgoblin!
You see here a hobgoblin corpse.
You see here a hobgoblin corpse.
You see here a +1 whip of draining.
You now have 29 gold pieces (gained 10).
Found a dagger.
You see here a +0 dagger.
Found a stone staircase leading down.
Found an escape hatch in the ceiling.
You open the door.
There is an open door here.
You now have 37 gold pieces (gained 8).
A frilled lizard and a bat come into view.
The bat hits you. The bat hits you.
You miss the bat. The bat closely misses you. The bat barely misses you.
You barely miss the bat. The bat hits you.
You hit the bat.
The bat is severely wounded.
The bat misses you. The bat hits you but does no damage.
You hit the bat.
You kill the bat!
A goblin comes into view. It is wielding a +0 club.
You see here a bat corpse.
You begin transforming.
You continue transforming.
The goblin shouts!
You continue transforming.
The goblin throws a stone.
The stone hits you but does no damage.
You continue transforming.
You turn into a creature with a mouth for a stomach.
Your +0 leather armour melds into your body.
You barely miss the goblin. Your bite misses the goblin.
The goblin hits you with a +0 club.
Ouch! That really hurt!
You die...

#..........
....####..... # ###
.####........ .. #g
#.##.#...###..#.# ...
..##.##.#...#....#.# #..
.....##.#...#.#..#.#
##.##.#..##.#...#.......
#.....#g.##.#...'....#.#
.....#W.##.#...#......#
#..#..#..##.#####.......
#......................#
#..#..#...#.............
.........#######.#..#.#
...........# #.#..#..
..........## #.#.....
....#..#### #.#.....
....... #.#.####


You could see a goblin.

Vanquished Creatures
  A gnoll (D:1)
  An adder (D:2)
  2 endoplasms (D:1)
  2 giant cockroaches (D:1)
  4 goblins (D:1)
  5 hobgoblins
  2 quokkas (D:1)
  2 ball pythons (D:1)
  4 bats
  2 frilled lizards (D:1)
  3 kobolds (D:1)
  A rat (D:1)
29 creatures vanquished.

Notes
Turn   | Place    | Note
-------+----------+-------------------------------------------
     0 | D:1      | H0rd4k the Human Artificer began the quest for the Orb.
     0 | D:1      | Reached XP level 1. HP: 15/15 MP: 1/1
    90 | D:1      | Found a faded altar of an unknown god.
   119 | D:1      | Reached XP level 2. HP: 17/22 MP: 2/2
   310 | D:1      | Reached skill level 1 in Maces & Flails
   510 | D:1      | Reached XP level 3. HP: 27/27 MP: 3/3
  1046 | D:2      | Slain by a goblin

Illustrated notes

Levels and vault maps discovered:
D:1:      eino_arrival_water_star, layout_basic, ebering_ecumenical_altar_mist,
          corner_web_ring
D:2:      layout_basic, uniq_crazy_yiuf_cottage

Skill      XL: |  1  2  3 |
---------------+----------+-----
Fighting       | 2 |  2.6
Maces & Flails | 1 2 |  2.0
Armour         | |  2.0
Dodging        | |  1.0
Stealth        | |  1.0
Evocations     | |  3.0

Action                     || total
---------------------------++-------
  Melee: Club              ||   122
         Punch             ||     2
  Evoke: Wand              ||     5
   Stab: Sleeping          ||     1
 Armour: Leather armour    ||    89
         Skin              ||     1
  Dodge: Dodged            ||    80
   Form: Maw               ||     1
